AoeStats
← Mariscal_Lopez

Glade

510634452Analyzed
1v1 RM · 2d ago on Oct 1, 2026· 43m 38s· 2 players
Game mode
Random Map
Map size
Tiny (2 player)
Population
200
Speed
Normal
Resources
Standard
Victory
Conquest
Starting age
Dark Age
Ending age
Imperial Age
RankedLock teamsTeams togetherTeam positionsShared explorationLock speedFull tech treeHidden civsTurbo modeCheats
Victory
Defeat
🇵🇾 Dravidians · Paraguay
923
+17
🇺🇸 Bohemians · United States
942
-17
Mariscal_Lopez
7:57 Loom
11:11 Feudal Age
11:39 Double-Bit Axe
11:37 Horse Collar
17:41 Castle Age
17:18 Man-at-Arms
18:11 Scale Mail Armor
18:47 Bow Saw
18:07 Long Swordsman
20:21 Squires
22:37 Gambesons
26:23 Heavy Plow
30:52 Imperial Age
29:34 Wheelbarrow
32:34 Chemistry
32:00 Conscription
33:54 Two-Handed Swordsman
44:19 Two-Man Saw
Pwnz3R
1:56 Loom
10:44 Feudal Age
11:27 Double-Bit Axe
11:24 Horse Collar
17:32 Town Watch
20:19 Castle Age
19:11 Fletching
21:27 Bodkin Arrow
21:49 Murder Holes
23:05 Ballistics
23:11 Pikeman
27:43 Bow Saw
30:49 Imperial Age
30:00 Heavy Plow
31:47 Bracer
32:04 Masonry
32:55 Chemistry
32:50 Conscription
34:19 Architecture
37:08 Man-at-Arms
37:49 Squires
37:35 Arson
37:32 Halberdier
41:10 Light Cavalry
41:51 Husbandry
Connection lost

Rejoining the realm…

Still unreachable

The connection could not be restored.

Session expired

The server has moved on; the page needs a fresh start.